 Dungeon Crawl Stone Soup version 0.19-b1-3-g7dea586 (webtiles) character file.

1611 Mesmaeker13 the Conjurer (level 8, -3/67 HPs)
             Began as a Demigod Conjurer on Oct 28, 2016.
             Shot with a sling bullet by Joseph (7 damage)
             ... on level 7 of the Dungeon.
             The game lasted 00:18:07 (7375 turns).

Mesmaeker13 the Conjurer (Demigod Conjurer)         Turns: 7375, Time: 00:18:07

Health: -3/67      AC:  4    Str: 11    XL:     8   Next: 37%
Magic:  10/18      EV: 12    Int: 23    God:
Gold:   544        SH:  7    Dex: 16    Spells: 4 memorised, 6 levels left

rFire  . . .     SeeInvis +     w - +0 dagger (drain)
rCold  . . .     Gourm    .     a - +0 robe
rNeg   . . .     Faith    .     u - +2 buckler
rPois  .         Spirit   .     l - +0 helmet
rElec  .         Reflect  .     (no cloak)
rCorr  .         Harm     .     (no gloves)
MR     .....                    d - +0 pair of boots
Stlth  +.........               (no amulet)
                                p - ring of loudness (curse)
                                e - ring of see invisible

@: no status effects
A: high mp 1
a: no special abilities


You were on level 7 of the Dungeon.
You were not hungry.

You visited 2 branches of the dungeon, and saw 8 of its levels.

You collected 544 gold pieces.

Inventory:

Hand Weapons
 h - a +0 club
 m - a +0 mace
 w - a +0 dagger of draining (weapon)
Armour
 a - a +0 robe (worn)
 d - a +0 pair of boots (worn)
 l - a +0 helmet (worn)
 u - a +2 buckler (worn)
Jewellery
 e - a ring of see invisible (left hand)
 p - a cursed ring of loudness (right hand)
Wands
 x - a wand of paralysis (9/24)
Scrolls
 f - 5 scrolls of teleportation
 i - a scroll of enchant armour {unknown}
 j - a scroll of enchant weapon {unknown}
 n - 2 scrolls of immolation
 o - a scroll of remove curse
 q - 2 scrolls of noise {unknown}
 r - a scroll of magic mapping
 y - a scroll of fear {unknown}
Potions
 s - a potion of mutation
 z - a potion of degeneration {unknown}
Books
 b - a book of Conjurations

   Spells                             Type                      Level
   a - Magic Dart                     Conjuration                  1
   b - Searing Ray                    Conjuration                  2
   c - Dazzling Spray                 Conjuration/Hexes            3
   d - Fulminant Prism                Conjuration/Hexes            4
   e - Iskenderun's Mystic Blast      Conjuration                  4
   f - Iskenderun's Battlesphere      Conjuration/Charms           5
 t - a book of Misfortune

   Spells                             Type                      Level
   a - Confusing Touch                Hexes                        1
   b - Confuse                        Hexes                        3
   c - Gell's Gravitas                Hexes/Translocation          3
   d - Petrify                        Transmutation/Earth          4
   e - Metabolic Englaciation         Hexes/Ice                    5
   f - Yara's Violent Unravelling     Hexes/Transmutation          5
Comestibles
 c - 3 bread rations
 g - 3 meat rations
 A - 6 fruits


   Skills:
 + Level 4.6 Fighting
 - Level 1.7 Dodging
 - Level 1.7 Stealth
 + Level 4.4 Shields
 + Level 4.9 Spellcasting
 + Level 6.5 Conjurations


You had 6 spell levels left.
You knew the following spells:

 Your Spells              Type           Power        Failure   Level  Hunger
a - Magic Dart            Conj           ####         1%          1    None
b - Searing Ray           Conj           #####.       1%          2    None
c - Dazzling Spray        Conj/Hex       ###...       10%         3    ##.....
d - Iskenderun's Mystic   Conj           #####...     10%         4    ####...


Dungeon Overview and Level Annotations

Branches:
Dungeon (7/15)             Temple (1/1) D:4

Shops:
D:5 :**(

Annotations:
D:7 Joseph


Innate Abilities, Weirdness & Mutations

You have an increased reservoir of magic. (+10% MP)


Message History

The searing ray misses Joseph.
Joseph shoots a sling bullet.
The sling bullet hits you!!
The searing ray misses Joseph.
You finish channeling your searing ray.
Joseph shoots a sling bullet.
The sling bullet hits you!
* * * LOW HITPOINT WARNING * * *
Okay, then.
Joseph shoots a sling bullet.
The sling bullet hits you!
* * * LOW HITPOINT WARNING * * *
You see here a sling bullet.
Joseph shoots a sling bullet.
The sling bullet hits you.
* * * LOW HITPOINT WARNING * * *
It was a potion of heal wounds.
You feel much better.
Joseph shoots a sling bullet.
The sling bullet hits you!
* * * LOW HITPOINT WARNING * * *
Joseph zaps a wand.
You struggle to resist.
Joseph shoots a sling bullet.
The sling bullet hits you.
* * * LOW HITPOINT WARNING * * *
You see here 2 sling bullets.
Joseph shoots a sling bullet.
The sling bullet hits you!
You die...

###### ...... ######
###### ###########.####
...... ........@.......
###### ######(#.......
####### #.#.......
......# #(#.......
#####.#########.#....Z..
# #.#......##(###.##..
.. # #.#......##(# #.#
...Z #.#......##@#
#<##.....
#.#......##.###.....##


You could see Joseph and a howler monkey skeleton.

Vanquished Creatures
  A water moccasin (D:7)
  3 orc warriors
  A phantom (D:6)
  An ogre (D:7)
  2 bullfrogs
  A scorpion (D:4)
  A crimson imp (D:7)
  2 howler monkeys
  A quasit (D:6)
  A gnoll shaman (D:4)
  3 hounds
  A jelly (D:6)
  2 orc priests
  7 orc wizards
  An iguana (D:7)
  3 worker ants
  7 adders
  5 gnolls (D:4)
  A shadow imp (D:5)
  An ooze (D:4)
  An adder zombie (D:6)
  3 worms
  A dart slug (D:1)
  5 leopard geckos
  20 orcs
  5 giant cockroaches
  5 goblins
  4 hobgoblins
  8 jackals
  2 quokkas
  6 bats
  6 frilled lizards
  9 kobolds
  A leopard gecko skeleton (D:5)
  2 quokka skeletons (D:5)
  9 rats
132 creatures vanquished.

Notes
Turn   | Place    | Note
-------+----------+-------------------------------------------
     0 | D:1      | Mesmaeker13 the Demigod Conjurer began the quest for the Orb.
     0 | D:1      | Reached XP level 1. HP: 14/14 MP: 5/5
    18 | D:1      | Found a shimmering altar of Xom.
   219 | D:1      | Reached XP level 2. HP: 19/20 MP: 0/7
   521 | D:1      | Reached skill level 4 in Conjurations
  1051 | D:2      | Learned a level 2 spell: Searing Ray
  1071 | D:2      | Found a white marble altar of Elyvilon.
  1124 | D:2      | Reached XP level 3. HP: 18/26 MP: 3/9
  1788 | D:3      | Learned a level 3 spell: Dazzling Spray
  2279 | D:3      | Reached XP level 4. HP: 18/34 MP: 2/11
  2815 | D:3      | Found a hazy altar of Hepliaklqana.
  2816 | D:3      | Found a shimmering altar of Xom.
  2816 | D:3      | Noticed a titan simulacrum
  2817 | D:3      | Noticed a spectral ugly thing
  2817 | D:3      | Noticed a titan simulacrum
  2960 | D:3      | Reached skill level 1 in Fighting
  3125 | D:4      | Reached skill level 1 in Shields
  3249 | D:4      | Reached XP level 5. HP: 25/40 MP: 1/12
  3386 | D:4      | Noticed an orc warrior
  3514 | D:4      | Killed an orc warrior
  3514 | D:4      | Reached skill level 5 in Conjurations
  3514 | D:4      | Reached XP level 6. HP: 22/48 MP: 1/14
  3809 | D:4      | Found a staircase to the Ecumenical Temple.
  3819 | Temple   | Entered the Ecumenical Temple
  4473 | D:5      | Entered Level 5 of the Dungeon
  4491 | D:5      | Found Josh's Book Emporium.
  4593 | D:5      | Found a deep blue altar of Sif Muna.
  4648 | D:5      | Found a sparkling altar of Nemelex Xobeh.
  4746 | D:5      | Found Maitux's Assorted Antiques.
  4756 | D:5      | Found Jegom's Assorted Antiques.
  5264 | D:5      | Found Metinayl's Weapon Shop.
  5452 | D:6      | Reached XP level 7. HP: 40/56 MP: 9/16
  5510 | D:6      | HP: 2/56 [orc warrior/mace (17)]
  5994 | D:6      | Found an opulent altar of Gozag.
  6059 | D:6      | Found a basalt altar of Yredelemnul.
  6338 | D:6      | Learned a level 4 spell: Iskenderun's Mystic Blast
  6460 | D:6      | Reached skill level 6 in Conjurations
  6762 | D:7      | Reached XP level 8. HP: 33/66 MP: 8/18
  7166 | D:7      | Noticed Joseph
  7374 | D:7      | HP: 3/67 [Joseph/sling bullet (2)]
  7375 | D:7      | Shot with a sling bullet by Joseph

Skill      XL: |  1  2  3  4  5  6  7  8 |
---------------+-------------------------+-----
Spellcasting   | 2 3 4 |  4.9
Conjurations   | 4 5 6 |  6.5
Fighting       | 1 2 4 |  4.6
Shields        | 1 2 3 4 |  4.4
Dodging        | |  1.7
Stealth        | |  1.7

Action                   |  1- 3 |  4- 6 |  7- 9 || total
-------------------------+-------+-------+-------++-------
Melee: Unarmed           |     7 |       |       ||     7
       Club              |    47 |       |       ||    47
       Mace              |    55 |    32 |       ||    87
       Dagger            |       |   106 |    44 ||   150
 Cast: Magic Dart        |    75 |    25 |    14 ||   114
       Searing Ray       |     1 |    20 |    26 ||    47
       Dazzling Spray    |       |     5 |     6 ||    11
Evoke: Wand              |       |       |     3 ||     3
  Use: Scroll            |     7 |     2 |       ||     9
       Potion            |       |     4 |     5 ||     9
 Stab: Sleeping          |     5 |     1 |       ||     6
       Invisible         |       |     2 |     3 ||     5
  Eat: Chunk             |     5 |    10 |     2 ||    17
       Meat ration       |       |       |     1 ||     1
Armor: Robe              |    38 |    24 |    12 ||    74
Dodge: Dodged            |    93 |    81 |    33 ||   207
Block: Buckler           |       |    47 |    26 ||    73
